 Dungeon Crawl Stone Soup version 0.31.0-11-ge490571c62 (webtiles) character file.

Game seed: 14387546063544098952

515 Gadfly the Changeling (level 7, 0/52 HPs)
             Began as a Merfolk Shapeshifter on Jan 28, 2024.
             Slain by a quokka (2 damage)
             ... on level 5 of the Dungeon.
             The game lasted 00:07:38 (3633 turns).

Gadfly the Changeling (Merfolk Shapeshifter)        Turns: 3633, Time: 00:07:38

Health: 0/52       AC:  2    Str: 17    XL:     7   Next: 20%
Magic:  9/9        EV: 13    Int:  9    God:
Gold:   198        SH:  5    Dex: 13    Spells: 6/6 levels left

rFire   . . .        b - +3 whip (elec)
rCold   . . .        (no shield)
rNeg    . . .        a - +0 animal skin
rPois   .            j - melded +0 helmet
rElec   .            (cloak currently unavailable)
rCorr   .            f - melded +0 pair of gloves
SInv    .            (boots currently unavailable)
Will    .....        l - amulet of reflection
Stlth   +            i - +4 ring of slaying
HPRegen 0.28/turn    (no ring)
MPRegen 0.11/turn

%: reflection
@: beast-form
A: beast (slay +2), (nimble swimmer 2), mertail
a: Begin Untransformation


You were on level 5 of the Dungeon.
You were a hulking beast.
You visited 2 branches of the dungeon, and saw 6 of its levels.

You collected 198 gold pieces.

Inventory:

Hand Weapons
 b - a +3 whip of electrocution (weapon)
Armour
 a - a +0 animal skin (worn)
 f - a +0 pair of gloves (melded)
 j - a +0 helmet (melded)
Jewellery
 e - a ring of ice
 i - a +4 ring of slaying (left hand)
 l - an amulet of reflection (around neck)
Talismans
 c - a beast talisman (active)
 d - a flux talisman
Scrolls
 g - 4 scrolls of identify
 k - a scroll of teleportation
 m - 2 scrolls of fog
 n - a scroll of enchant weapon
Potions
 h - 3 potions of curing
 o - a potion of lignification
 p - a potion of heal wounds
 r - a potion of haste


   Skills:
 * Level 3.5 Fighting
 + Level 4.0 Dodging
 * Level 4.7 Unarmed Combat
 * Level 3.3 Invocations
 * Level 3.1 Evocations
 + Level 4.9 Shapeshifting


You had 6 spell levels left.
You didn't know any spells.
Your spell library contained the following spells:

 Spells                   Type           Power      Damage    Failure   Level
 Call Canine Familiar     Summ           0%         N/A       77%         3
 Inner Flame              Hex/Fire       0%         N/A       77%         3
 Sigil of Binding         Hex            0%         N/A       77%         3
 Dimensional Bullseye     Hex/Tloc       0%         N/A       99%         4
 Flame Wave               Conj/Fire      0%         2d4       99%         4
 Sticky Flame             Fire/Alch      0%         2d4       99%         4


Dungeon Overview and Level Annotations

Branches:
Dungeon (5/15)             Temple (1/1) D:4

Altars:
Ashenzari
Makhleb
Trog
Uskayaw
Vehumet
Xom
Yredelemnul
The Shining One

Shops:
D:4 (


Innate Abilities, Weirdness & Mutations

You are a hulking beast.
Your limbs bulge with bestial killing power. (Slay +2)
((You are very nimble when in or above water. (Stealth+, EV+, Speed+++)))
Your lower body shifts to a powerful aquatic tail in water.


Message History

The ufetubus closely misses you. The ufetubus barely misses you.
The ufetubus hits you. The ufetubus barely misses you. x3
The ufetubus barely misses you. The ufetubus hits you.
* * * LOW HITPOINT WARNING * * *
The ufetubus misses you. x2
The quokka attacks as it pursues you! You block the quokka's attack.
The quokka attacks as it pursues you! You block the quokka's attack.
The quokka attacks as it pursues you! The quokka bites you.
* * * LOW HITPOINT WARNING * * *
Okay, then.
Okay, then.
Okay, then.
The quokka barely misses you. The quokka attacks as it pursues you!
The quokka barely misses you.
The quokka twitches its whiskers.
The quokka attacks as it pursues you!
The quokka bites you but does no damage.
The ufetubus attacks as it pursues you! The ufetubus barely misses you.
The ufetubus hits you.
* * * LOW HITPOINT WARNING * * *
You block the quokka's attack. The quokka attacks as it pursues you!
You block the quokka's attack.
The ufetubus hits you but does no damage.
The ufetubus closely misses you. You block the ufetubus's attack.
The ufetubus hits you.
* * * LOW HITPOINT WARNING * * *
The quokka attacks as it pursues you! The quokka closely misses you.
The ufetubus attacks as it pursues you! The ufetubus closely misses you.
You block the ufetubus's attack. The quokka attacks as it pursues you!
The quokka bites you but does no damage.
The ufetubus barely misses you. The ufetubus completely misses you.
The quokka bites you.
* * * LOW HITPOINT WARNING * * *
There is a stone staircase leading up here.
The ufetubus closely misses you. The ufetubus hits you.
* * * LOW HITPOINT WARNING * * *
The ufetubus hits you.
* * * LOW HITPOINT WARNING * * *
The ufetubus closely misses you. The quokka bites you.
You die...

.....[............#
.................##
...(..............#
........†.........#
................###
................##
......>.##.......#
.......#.55r....##
.....##...h...#.#
>.... #....######
...# ##.### ... ###
.


You could see 2 ufetubi and a quokka.

Vanquished Creatures
  A black bear (D:5)
  2 scorpions (D:4)
  2 hounds (D:4)
  3 iguanas
  3 gnolls (D:3)
  8 adders
  An adder skeleton (D:3)
  An adder zombie (D:3)
  4 ribbon worms
  3 orcs
  8 ball pythons
  7 bats
  5 endoplasms
  A giant cockroach (D:1)
  4 goblins
  2 hobgoblins
  4 jackals (D:1)
  6 kobolds
  A quokka (D:1)
  A ball python zombie (D:3)
  5 frilled lizards
  2 quokka skeletons (D:3)
  A quokka zombie (D:3)
  2 rats
77 creatures vanquished.

Notes
Turn   | Place    | Note
-------+----------+-------------------------------------------
     0 | D:1      | Gadfly the Merfolk Shapeshifter began the quest for the
                  | Orb.
     0 | D:1      | Reached XP level 1. HP: 15/15 MP: 1/1
   237 | D:1      | Reached XP level 2. HP: 12/21 MP: 2/2
  1056 | D:2      | Reached skill level 1 in Invocations
  1056 | D:2      | Reached skill level 1 in Evocations
  1056 | D:2      | Reached XP level 3. HP: 22/27 MP: 3/3
  1410 | D:2      | Found a faded altar of an unknown god.
  1582 | D:3      | Reached XP level 4. HP: 33/33 MP: 5/5
  1767 | D:3      | HP: 1/33 [gnoll/+0 halberd (4)]
  1921 | D:3      | Reached XP level 5. HP: 6/39 MP: 6/6
  2126 | D:3      | Found a hide-covered altar of Uskayaw.
  2315 | D:3      | Found a broken altar of Ashenzari.
  2730 | D:4      | Found Nigh's Weapon Emporium.
  2809 | D:4      | Found a staircase to the Ecumenical Temple.
  2854 | Temple   | Entered the Ecumenical Temple
  2985 | D:4      | Reached XP level 6. HP: 46/46 MP: 7/7
  3457 | D:5      | Entered Level 5 of the Dungeon
  3605 | D:5      | Noticed a black bear
  3611 | D:5      | Killed a black bear
  3612 | D:5      | Reached XP level 7. HP: 40/52 MP: 9/9
  3633 | D:5      | HP: 2/52 [ufetubus (2)]
  3633 | D:5      | Slain by a quokka

Illustrated notes

Levels and vault maps discovered:
D:1:      dpeg_arrival_tiny_h, layout_loops_corners, minivault_5,
          dk_noncrumbling_3
D:2:      layout_rooms, ebering_ecumenical_altar_box
D:3:      layout_basic, mainiacjoe_overflow_alcove_2, evilmike_ruin_ashenzari,
          serial_undead, serial_undead_b, serial_undead_c, serial_undead_f,
          serial_undead_c, minmay_vboxes
D:4:      layout_loops_ring, temple_pool_b, serial_shops,
          nicolae_shop_advertising_works [nicolae_subvault_shop_adworks]
D:5:      layout_cave_pools, serial_shops, nicolae_shop_trees
Temple:   nicolae_temple_bog_church

Skill      XL: |  1  2  3  4  5  6 |
---------------+-------------------+-----
Dodging        | 3 4 |  4.0
Invocations    | 1 2 3 |  3.3
Evocations     | 1 2 3 |  3.1
Fighting       | 2 3 |  3.5
Unarmed Combat | 4 |  4.7
Shapeshifting  | |  4.9

Action                     |  1- 3 |  4- 6 |  7- 9 || total
---------------------------+-------+-------+-------++-------
  Melee: Unarmed           |    93 |    37 |       ||   130
         Punch             |     3 |     1 |       ||     4
         Whip              |       |    81 |     3 ||    84
Ability: Begin Untransform |     1 |       |       ||     1
    Use: Scroll            |     6 |     4 |       ||    10
         Potion            |       |     2 |       ||     2
   Stab: Distracted        |       |     1 |       ||     1
         Sleeping          |       |     1 |       ||     1
 Armour: Animal skin       |    59 |    53 |    21 ||   133
  Dodge: Dodged            |    52 |    71 |    27 ||   150
  Block: Other             |       |    28 |     6 ||    34
         Reflection        |       |     1 |       ||     1
   Form: Beast             |     1 |       |       ||     1
